Map: Year Zero LE

Players

Elazer - Winner!

  • Race: Zerg Zerg
  • Spawn Location: 1:00

Kas

  • Race: Terran Terran
  • Spawn Location: 11:00

Event: IEM Season 13: Katowice (2019)

VOD

Have the link to the VOD?

Description

Time

  • Played on: Feb. 26, 2019, 11:09 a.m.
  • Length: 10:30

All games in this series

Show
View Real Time Build Order
Export as new Build Order

Elazer Zerg - Winner!

Build Orders: Hatch First, Muta Ling Bane 

Get SALT Encoding   

  12  0:00  Drone  
  13  0:12  Overlord  
  13  0:17  Drone  
  14  0:31  Drone x2  
  16  0:50  Hatchery  
  16  0:52  Drone  
  16  0:56  Drone  
  17  0:59  Drone  
  18  1:10  Extractor  
  17  1:15  Spawning Pool  
  17  1:18  Drone  
  17  1:21  Drone  
  18  1:29  Drone  
  19  1:39  Drone  
  20  1:49  Drone  
  21  2:02  Queen x2  
  21  2:03  Zergling x4  
  27  2:17  Hatchery  
  27  2:21  Overlord  
  26  2:24  Drone  
  26  2:26  Drone  
  28  2:32  Metabolic Boost  
  28  2:39  Drone x2  
  28  2:40  Drone  
  31  2:48  Queen  
  33  2:53  Overlord  
  33  2:56  Drone  
  34  3:00  Drone  
  34  3:03  Drone  
  36  3:13  Drone x2  
  36  3:14  Drone  
  36  3:15  Drone x2  
  36  3:19  Drone  
  42  3:22  Overlord  
  42  3:24  Queen  
  44  3:33  Drone x2  
  46  3:35  Queen  
  46  3:40  Drone x2  
  50  3:43  Overlord  
  50  3:46  Drone  
  50  3:57  Zergling x10  
  50  3:59  Queen  
  50  4:02  Baneling Nest  
  56  4:03  Drone x2  
  56  4:05  Drone  
  56  4:06  Drone  
  56  4:07  Drone  
  56  4:09  Drone  
  62  4:14  Overlord  
  62  4:15  Drone  
  63  4:17  Drone  
  63  4:18  Drone  
  63  4:19  Spore Crawler  
  63  4:22  Drone  
  65  4:25  Overlord  
  65  4:31  Spore Crawler  
  65  4:32  Overlord  
  65  4:33  Zergling x4  
  65  4:35  Zergling x2  
  65  4:38  Spore Crawler  
  66  4:39  Drone x3  
  66  4:45  Spore Crawler  
  68  4:46  Baneling x4  
  68  4:48  Overlord  
  68  4:51  Lair, Extractor  
  68  4:52  Extractor  
  66  4:55  Drone x2  
  66  4:58  Baneling  
  65  5:03  Zergling x12  
  62  5:13  Drone x5  
  65  5:15  Drone  
  65  5:21  Drone x4  
  69  5:22  Drone  
  69  5:25  Drone x2  
  73  5:29  Overlord  
  73  5:38  Evolution Chamber x2  
  73  5:39  Drone x3  
  74  5:47  Overlord  
  74  5:49  Drone x5  
  77  5:55  Drone x4  
  81  5:59  Drone  
  81  6:02  Drone x4  
  85  6:05  Drone  
  85  6:07  Overseer  
  85  6:09  Zerg Melee Weapons Level 1  
  86  6:13  Centrifical Hooks  
  86  6:14  Extractor  
  86  6:15  Extractor x2, Drone x3  
  86  6:16  Drone  
  87  6:22  Overlord  
  87  6:23  Zergling x6  
  90  6:27  Zerg Ground Armor Level 1  
  90  6:30  Drone  
  91  6:36  Overlord  
  91  6:41  Drone  
  91  6:42  Drone  
  91  6:43  Hatchery  
  91  6:44  Zergling x12  
  98  6:54  Spire  
  97  6:55  Overlord  
  97  6:59  Zergling x14  
  104  7:05  Overlord  
  104  7:06  Zergling x2  
  105  7:11  Zergling x2, Baneling x4  
  106  7:16  Overlord  
  106  7:17  Zergling x4  
  106  7:22  Overlord  
  107  7:25  Drone x6  
  107  7:28  Drone x3  
  107  7:29  Drone  
  117  7:30  Burrow  
  117  7:34  Overlord  
  117  7:38  Overlord  
  117  7:40  Zergling x2  
  117  7:41  Zergling x2  
  117  7:42  Baneling x7  
  119  7:49  Extractor  
  119  7:51  Zergling x10  
  119  7:57  Overlord  
  123  7:58  Zergling x6  
  123  8:03  Overlord  
  126  8:06  Zerg Melee Weapons Level 2  
  126  8:07  Zerg Flyer Weapons Level 1  
  126  8:08  Mutalisk x3  
  126  8:11  Mutalisk  
  134  8:16  Mutalisk x2  
  134  8:19  Mutalisk x2  
  138  8:24  Mutalisk  
  143  8:31  Hatchery  
  143  8:33  Drone x4  
  146  8:35  Mutalisk x2  
  146  8:38  Zergling x8  
  154  8:43  Zergling x8  
  158  8:50  Overlord  
  158  8:52  Zergling x14  
  158  8:54  Baneling x5  
  165  8:59  Overlord  
  165  9:00  Zergling x8  
  169  9:03  Baneling x7  
  169  9:04  Baneling  
  169  9:06  Zergling x4  
  171  9:11  Infestation Pit  
  171  9:13  Zergling x10  
  173  9:17  Baneling x9  
  173  9:21  Zergling x2  
  173  9:22  Zergling x8  
  178  9:26  Baneling x10  
  178  9:29  Zergling x6  
  181  9:34  Zergling x8  
  185  9:39  Baneling  
  185  9:40  Baneling x2  
  185  9:45  Zergling x16  
  155  9:50  Drone  
  155  9:51  Extractor, Drone x2  
  156  9:55  Zergling x4  
  156  9:57  Baneling x12  
  158  10:03  Mutalisk x3  
Show
View Real Time Build Order
Export as new Build Order

Kas Terran 

Build Orders: Gas First Reaper Expand, Hellion Banshee 

Get SALT Encoding   

  12  0:00  SCV  
  13  0:12  SCV  
  14  0:17  Supply Depot  
  14  0:25  SCV  
  15  0:32  Refinery  
  15  0:39  SCV  
  16  0:45  Barracks  
  16  0:51  SCV  
  17  1:03  SCV  
  18  1:15  SCV  
  19  1:32  Reaper, Orbital Command  
  20  1:43  Command Center  
  20  1:54  Factory  
  20  1:57  SCV  
  21  2:08  Barracks Reactor  
  21  2:09  Supply Depot  
  21  2:11  SCV  
  21  2:15  Refinery  
  22  2:23  SCV  
  23  2:35  SCV  
  24  2:43  Starport  
  24  2:47  SCV  
  24  2:48  Hellion x2  
  24  2:51  Barracks Tech Lab  
  29  2:56  Orbital Command  
  29  2:59  SCV  
  30  3:09  Hellion  
  30  3:12  SCV  
  33  3:24  SCV x2  
  33  3:25  Banshee, Cloaking Field  
  38  3:30  Supply Depot  
  38  3:36  SCV  
  38  3:39  Hellion x2  
  38  3:41  SCV  
  44  3:48  SCV  
  45  3:54  SCV  
  45  3:57  Supply Depot  
  45  4:00  SCV  
  45  4:01  Hellion  
  45  4:02  Hellion  
  50  4:06  SCV  
  50  4:07  Armory  
  51  4:12  SCV  
  52  4:18  Banshee  
  52  4:20  SCV  
  56  4:27  Command Center  
  56  4:29  SCV  
  57  4:33  SCV  
  57  4:34  Supply Depot  
  57  4:38  Barracks Tech Lab  
  58  4:41  SCV  
  58  4:45  SCV  
  60  4:50  Barracks  
  60  4:53  Barracks, SCV  
  60  4:57  SCV  
  58  5:11  SCV  
  58  5:13  SCV  
  57  5:16  Marine  
  57  5:17  Stimpack  
  58  5:23  SCV  
  58  5:25  Engineering Bay x2, SCV  
  58  5:26  Starport Reactor, Refinery  
  58  5:27  Refinery  
  60  5:35  SCV  
  61  5:37  Siege Tank, SCV, Marine x2  
  61  5:40  Orbital Command  
  65  5:47  SCV, Marine  
  66  5:50  SCV  
  66  5:51  Marine  
  66  5:54  Marine  
  66  5:56  Terran Infantry Armor Level 1, Terran Infantry Weapons Level 1  
  69  6:01  SCV  
  69  6:02  SCV  
  71  6:04  Barracks, Orbital Command  
  71  6:05  Medivac x2  
  71  6:06  Barracks  
  72  6:12  Barracks Reactor, Marine x2  
  72  6:13  SCV  
  72  6:14  SCV  
  72  6:17  Marine  
  77  6:21  Supply Depot  
  77  6:25  SCV  
  78  6:26  SCV  
  78  6:30  SCV, Marine  
  81  6:34  Marine  
  81  6:35  Marine  
  81  6:37  SCV  
  81  6:38  SCV, Supply Depot  
  85  6:43  Siege Tank, SCV, Hellion x4  
  89  6:48  Marine  
  89  6:49  SCV, Supply Depot  
  89  6:50  SCV  
  89  6:52  Marine  
  89  6:53  Barracks Reactor  
  93  6:55  Barracks Reactor  
  93  6:59  Supply Depot  
  93  7:00  Supply Depot, SCV, Marine x2  
  96  7:01  SCV  
  96  7:03  SCV  
  96  7:06  Medivac, Marine  
  101  7:11  Refinery, Medivac, Marine x2  
  101  7:12  Refinery, SCV  
  101  7:13  Factory, SCV, Supply Depot  
  107  7:16  SCV  
  107  7:17  Marine  
  107  7:20  Marine  
  110  7:23  Marine  
  110  7:24  SCV  
  110  7:25  Siege Tank  
  110  7:27  SCV  
  110  7:28  Marine, SCV, Supply Depot  
  110  7:29  Supply Depot, Marine  
  119  7:36  SCV  
  120  7:38  Marine x2  
  120  7:40  SCV, Marine  
  120  7:41  SCV, Marine x4  
  129  7:46  Marine x2  
  129  7:48  Supply Depot  
  129  7:49  Supply Depot  
  131  7:56  SCV, Marine x2  
  131  7:57  Factory Tech Lab  
  134  7:58  Marine x2  
  134  7:59  Marine  
  134  8:00  Missile Turret  
  134  8:01  Marine x2  
  134  8:04  Terran Infantry Weapons Level 2, Marine x2  
  141  8:06  Terran Infantry Armor Level 2  
  141  8:10  Missile Turret  
  141  8:14  Combat Shield, Marine  
  141  8:15  Marine  
  141  8:16  Marine  
  144  8:24  Siege Tank x2, Marine  
  144  8:25  Marine x3  
  154  8:28  Marine x2  
  154  8:32  Supply Depot, Marine  
  154  8:33  Marine  
  158  8:34  Marine  
  158  8:37  Supply Depot x2  
  159  8:42  Marine x2  
  159  8:43  Marine x2  
  159  8:46  Marine  
  159  8:47  Marine  
  165  8:52  Supply Depot x2  
  165  8:54  Supply Depot, Medivac x2, Marine  
  170  8:56  Siege Tank  
  173  9:03  Marine x2  
  173  9:05  Marine x3  
  173  9:06  Marine  
  173  9:08  Marine x2  
  181  9:10  Command Center  
  181  9:15  Siege Tank  
  181  9:16  Marine  
  182  9:20  Marine  
  182  9:21  Marine  
  182  9:23  Marine x4  
  188  9:26  Marine x2  
  188  9:29  Medivac x2  
  194  9:32  Refinery  
  194  9:34  Marine  
  195  9:38  Marine  
  195  9:45  Marine x2  
  127  9:47  Marine x4  
  127  9:49  Marine  
  127  9:52  Marine  
  141  9:56  Marine  
  142  10:03  Marine x2  
  142  10:05  Marine x4  
  152  10:07  Marine  

Tags
 
Add a new tag
Caveats
  • Supply blocks, unpowered buildings, or Contaminate may cause inaccurate times.
  • Supply counts are checked every 10 seconds.